 Dungeon Crawl Stone Soup version 0.32-a0-450-g080537f31e (webtiles) character file.

Game seed: 7244580148102721709

6 Juicyj the Vexing (level 1, -2/13 HPs)
             Began as a Coglin Enchanter on Feb 23, 2024.
             Slain by a goblin
             ... wielding a +0 club
              (4 damage)
             ... on level 1 of the Dungeon.
             The game lasted 00:00:31 (81 turns).

Juicyj the Vexing (Coglin Enchanter)                  Turns: 81, Time: 00:00:31

Health: -2/13      AC:  2    Str:  8    XL:     1   Next: 90%
Magic:  3/3        EV: 12    Int: 14    God:
Gold:   5          SH:  0    Dex: 14    Spells: 3/3 levels left

rFire   . . .        a - +1 dagger {Li}
rCold   . . .        d - +0 whip {Gyeongja}
rNeg    . . .        b - +0 robe
rPois   .            (no helmet)
rElec   .            (no cloak)
rCorr   .            (no gloves)
SInv    .            (no boots)
Will    .....        (no amulet)
Stlth   ++           (no ring)
HPRegen 0.22/turn    (no ring)
MPRegen 0.08/turn

%: no passive effects
@: immotile, revved
A: off-hand wielding, slow wielding, warmup strikes, legs shutdown
a: no special abilities


You were on level 1 of the Dungeon.
You visited 1 branch of the dungeon, and saw 1 of its levels.

You collected 5 gold pieces.

Inventory:

Hand Weapons
 a - a +1 dagger (weapon) {Li}
 d - a +0 whip (offhand) {Gyeongja}
Armour
 b - a +0 robe (worn)
Scrolls
 e - a scroll of enchant armour {unknown}
Potions
 c - 2 potions of invisibility


   Skills:
 + Level 1.0 Short Blades
 + Level 1.9 Dodging
 + Level 2.5 Stealth
 + Level 1.8 Spellcasting
 + Level 2.7 Hexes


You had 3 spell levels left.
You didn't know any spells.
Your spell library contained the following spells:

 Spells                   Type           Power      Damage    Failure   Level
 Ensorcelled Hibernation  Hex/Ice        10%        N/A       21%         2
 Confusing Touch          Hex            9%         N/A       22%         3
 Tukima's Dance           Hex            9%         N/A       22%         3
 Dazzling Flash           Conj/Hex       10%        N/A       38%         3


Dungeon Overview and Level Annotations

Branches:
Dungeon (1/15)

Altars:


Innate Abilities, Weirdness & Mutations

You can wield a second weapon in your off-hand.
It takes a long time for you to wield or remove held weapons.
Your first few attacks do less damage.
Attacking and casting redirects power from your legs.


Message History

You are too injured to fight recklessly!
You are too injured to fight recklessly!
You are too injured to fight recklessly!
You are too injured to fight recklessly!
You miss the quokka with your +0 whip. You hit the quokka but do no damage.
The bat barely misses you. The quokka closely misses you. The bat misses you.
The quokka bites you. The bat hits you but does no damage.
You barely miss the quokka with your +0 whip.
You hit the quokka with your +1 dagger. The bat barely misses you.
The bat closely misses you. The quokka barely misses you.
The goblin barely misses you.
You hit the quokka but do no damage.
The quokka is lightly wounded.
You hit the quokka but do no damage. The bat hits you but does no damage.
The quokka misses you. The goblin barely misses you.
You closely miss the quokka with your +1 dagger.
The quokka is lightly wounded.
You barely miss the quokka with your +0 whip.
The bat hits you but does no damage. The quokka bites you. The bat hits you.
* * * LOW HITPOINT WARNING * * *
The goblin hits you with a +0 club.
* * * LOW HITPOINT WARNING * * *
You closely miss the quokka with your +1 dagger.
The quokka is lightly wounded.
You closely miss the quokka with your +0 whip.
The quokka barely misses you. The goblin barely misses you. The bat misses you.
You hit the quokka with your +0 whip.
The quokka is almost dead.
You hit the quokka with your +1 dagger.
You kill the quokka!
The bat hits you but does no damage. The goblin barely misses you.
You barely miss the bat with your +1 dagger.
You barely miss the bat with your +0 whip.
The bat barely misses you. The bat hits you but does no damage.
The goblin completely misses you.
You cannot move.
You barely miss the goblin with your +0 whip.
You closely miss the goblin with your +1 dagger.
The goblin hits you with a +0 club.
You die...

.......# .......####
..........#
..........#############
..........##..........#
######....##..........#
#....##..........#
####....##..........#.
##†............@g......
##..########.....†....##
#.)........+....b.....#
...#####.###..........#
.....## ##########.#
......... # ......###
......# .....##


You could see a goblin and a bat.

Vanquished Creatures
  2 quokkas (D:1)
  A bat (D:1)
  A frilled lizard (D:1)
  2 kobolds (D:1)
  A rat (D:1)
7 creatures vanquished.

Notes
Turn   | Place    | Note
-------+----------+-------------------------------------------
     0 | D:1      | Juicyj the Coglin Enchanter began the quest for the Orb.
     0 | D:1      | Reached XP level 1. HP: 13/13 MP: 3/3
    29 | D:1      | Reached skill level 1 in Short Blades
    81 | D:1      | Slain by a goblin

Illustrated notes

Levels and vault maps discovered:
D:1:      eino_arrival_cavern_b, layout_basic, item_on_display_a

Skill      XL: |  1 |
---------------+----+-----
Short Blades   | 1 |  1.0
Dodging        | |  1.9
Stealth        | |  2.5
Spellcasting   | |  1.8
Hexes          | |  2.7

Action                     || total
---------------------------++-------
  Melee: Dagger            ||    22
         Whip              ||    12
 Armour: Robe              ||    20
  Dodge: Dodged            ||    22

Table legend: (Time is in decaauts)
 A = Elapsed time spent in this place.
 B = Non-inter-level travel time spent in this place.
 C = Inter-level travel time spent in this place.
 D = Time resting spent in this place.
 E = Time spent auto-exploring this place.
 F = Levels seen in this place.
 G = Mean time per level.
                   A        B        C        D        E       F      G
               +--------+--------+--------+--------+--------+-----+--------+
         Total |     82 |     82 |      0 |      0 |     29 |   1 |   82.0 |
       Dungeon |     82 |     82 |      0 |      0 |     29 |   1 |   82.0 |
               +--------+--------+--------+--------+--------+-----+--------+

Top non-repeatable levels by time:
     D:1: 82 daAuts
